Devils vs Aeros

Created - Wednesday, January 07, 2015 at 01:02

Goals
1 2 3 OT1 SO T
Devils 0 1 0 0 0 1
Aeros 1 0 0 0 1 2
Shots
1 2 3 OT1 SO T
Devils 8 10 7 1 3 26
Aeros 11 9 8 4 2 32

1st period

1. Aeros , Chris Summers 7 (Dana Tyrell) at 10:36

Penalties :
Chris Wideman (LOW) for Tripping (Minor) at 4:41

2nd period

2. Devils , Rod Pelley 6 (Braden Lamb, Darren Archibald) at 12:22

Penalties :
Mike Ullrich (HOU) for Holding (Minor) at 6:08, Scooter Vaughan (LOW) for Hooking (Minor) at 9:23, Gabriel Beaupre (LOW) for Hooking (Minor) at 14:22

3rd period

No Goal

Penalties :
No Penalty

Overtime #1

No Goal

Penalties :
No Penalty

Shootout

Penalty Shot by Darroll Powe for Devils - Stopped by Harri Sateri
Penalty Shot by Andrew Gordon for Aeros - Goal!
Penalty Shot by Rod Pelley for Devils - Shot Misses the Net
Penalty Shot by Chris Summers for Aeros - Shot Misses the Net
Penalty Shot by Brendan Shinnimin for Devils - Stopped by Harri Sateri

Penalties :
No Penalty

Goalie Stats

Devan Dubnyk (LOW), 31 saves from 32 shots - (0.969), OTL, 13-10-17, 65:00 minutes
Harri Sateri (HOU), 25 saves from 26 shots - (0.962), W, 7-9-3, 65:00 minutes

Players Stats for Devils

Player Name              G  A  P  +/- PIM S  H  SB GA TA FO     MP     PP MP  PK MP  
------------------------------------------------------------------------------------
Braden Lamb              0  1  1   1  0   1  1  0  0  4  0/0    21:51   0:39   2:49 
Brendan Shinnimin        0  0  0   0  0   2  2  0  0  1  1/5    19:28   1:14   1:27 
Chris Wideman            0  0  0  -1  2   1  0  2  2  1  0/0    25:08   1:20   3:01 
Colin Miller             0  0  0  -1  0   3  0  3  0  1  0/0    25:16   1:20   3:08 
Curtis Hamilton          0  0  0   0  0   0  0  0  0  0  0/0     5:17   0:00   1:19 
Darren Archibald         0  1  1   0  0   2  0  0  5  1  0/1    15:14   0:00   0:00 
Darroll Powe             0  0  0   0  0   3  2  2  2  0  7/15   23:49   0:45   2:37 
Drew MacKenzie           0  0  0   0  0   0  0  0  0  2  0/0    18:14   0:00   0:07 
Gabriel Beaupre          0  0  0   0  2   0  0  1  0  2  0/0    17:57   0:00   0:00 
Jared Staal              0  0  0   0  0   3  0  1  0  0  1/1    19:07   0:00   1:50 
Jordan Martinook         0  0  0   0  0   2  2  0  3  0  0/2    16:38   0:00   0:00 
Pascal Pelletier         0  0  0   0  0   2  3  0  2  2  0/0    20:52   1:14   2:12 
Rod Pelley               1  0  1   0  0   4  1  1  2  1  6/7    23:11   0:45   2:29 
Scooter Vaughan          0  0  0   1  2   0  0  2  1  0  0/0    21:54   0:39   2:49 
Tom Kuhnhackl            0  0  0   0  0   0  0  1  0  0  0/0    12:33   0:00   0:00 
Yanni Gourde             0  0  0   0  0   0  0  0  0  0  0/0     0:00   0:00   0:00 
Zach Budish              0  0  0   0  0   2  3  0  2  0  1/1    17:38   1:14   0:00 
Zach O'Brien             0  0  0   0  0   1  1  0  3  0  0/0     9:53   0:45   0:00 

Players Stats for Aeros

Player Name              G  A  P  +/- PIM S  H  SB GA TA FO     MP     PP MP  PK MP  
------------------------------------------------------------------------------------
Andrew Gordon            0  0  0   0  0   8  0  0  5  2  2/3    21:44   3:26   1:34 
Anthony Camara           0  0  0  -1  0   0  3  1  3  1  0/0    14:21   0:00   0:00 
Cam Janssen              0  0  0   0  0   0  5  0  0  0  0/0    17:33   2:31   0:45 
Chris Summers            1  0  1   1  0   9  0  2  1  0  0/0    20:53   0:00   0:00 
Colin Stuart             0  0  0   0  0   2  0  1  4  0  0/0    17:59   3:26   0:00 
Craig Cunningham         0  0  0   0  0   1  0  0  2  0  0/0    16:43   2:31   0:00 
Dana Tyrell              0  1  1   1  0   3  0  0  5  0  5/11   22:14   0:00   0:53 
Danny Hobbs              0  0  0  -1  0   0  1  0  2  0  2/6    19:25   2:31   0:25 
Ilari Melart             0  0  0  -1  0   1  0  0  0  0  0/0    14:02   0:00   0:00 
Joel Chouinard           0  0  0  -1  0   0  1  1  0  3  0/0    22:03   2:12   1:21 
Jon Landry               0  0  0   0  0   0  0  1  0  1  0/0    22:04   3:45   0:38 
Matthew Pistilli         0  0  0  -1  0   2  0  0  3  2  1/2    16:20   0:00   0:00 
Mike Matczak             0  0  0   0  0   0  0  0  0  0  0/0     6:45   0:00   0:00 
Mike Ullrich             0  0  0   1  2   0  0  0  1  0  2/3    10:17   0:00   0:00 
Patrick Wey              0  0  0   0  0   1  0  1  0  4  0/0    22:53   2:12   1:21 
Scott Campbell           0  0  0   1  0   2  1  0  1  0  1/1    13:25   0:00   0:21 
Shane O'Brien            0  0  0   1  0   3  2  0  2  1  0/0    21:20   3:45   0:38 
Warren Peters            0  0  0   0  0   0  3  0  1  0  3/6    17:59   3:26   0:00 

3 Stars

1 - Devan Dubnyk (LOW)
2 - Harri Sateri (HOU)
3 - Chris Summers (HOU)

Power Play

Devils - 0 on 1 Attempt(s) - 0.00%
Aeros - 0 on 3 Attempt(s) - 0.00%

Penalty Kill

Devils - 3 on 3 Attempt(s) - 100.00% - Score 0 goal in Penalty Kill
Aeros - 1 on 1 Attempt(s) - 100.00% - Score 0 goal in Penalty Kill

Team Stat

Devils - Hits : 15 - Faceoff Wins : 16 - Blocked Shots : 13 - Penalty Minutes : 6
Aeros - Hits : 16 - Faceoff Wins : 16 - Blocked Shots : 7 - Penalty Minutes : 2

Official

Referees : Unknown
Linesman : Unknown

Game Notes

No Game Note

Finance

Level 1 -- Attendance: 1470 (73.50%) -- Ticket Income $51,450
Level 2 -- Attendance: 705 (70.50%) -- Ticket Income $10,575
Total Attendance: 2175 (72.50%)
Total Ticket Income: $62,025
Other Income: $30,392
Total Income: $92,417

Devils

5 vs 5 Forward 
   Center                   Left Wing                Right Wing               Time % Phy DF OF 
 1 Darroll Powe             Rod Pelley               Zach O'Brien             35     1   2  2  
 2 Brendan Shinnimin        Pascal Pelletier         Zach Budish              30     1   2  2  
 3 Darroll Powe             Jordan Martinook         Jared Staal              22     1   2  2  
 4 Rod Pelley               Darren Archibald         Tom Kuhnhackl            13     1   2  2  

5 vs 5 Defense 
   Defense                  Defense                                           Time % Phy DF OF 
 1 Colin Miller             Chris Wideman                                     35     1   2  2  
 2 Braden Lamb              Scooter Vaughan                                   30     1   2  2  
 3 Gabriel Beaupre          Drew MacKenzie                                    22     1   2  2  
 4 Colin Miller             Chris Wideman                                     13     1   2  2  

PowerPlay Forward 
   Center                   Left Wing                Right Wing               Time % Phy DF OF 
 1 Darroll Powe             Rod Pelley               Zach O'Brien             60     1   2  2  
 2 Brendan Shinnimin        Pascal Pelletier         Zach Budish              40     1   2  2  

PowerPlay Defense
   Defense                  Defense                                           Time % Phy DF OF 
 1 Colin Miller             Chris Wideman                                     60     1   2  2  
 2 Braden Lamb              Scooter Vaughan                                   40     1   2  2  

Penalty Kill 4 Players Forward 
   Center                   Wing                     Time % Phy DF OF 
 1 Darroll Powe             Rod Pelley               60     1   2  2  
 2 Brendan Shinnimin        Pascal Pelletier         40     1   2  2  

Penalty Kill 4 Players Defense
   Defense                  Defense                  Time % Phy DF OF 
 1 Colin Miller             Chris Wideman            60     1   2  2  
 2 Braden Lamb              Scooter Vaughan          40     1   2  2  

Penalty Kill - 3 Players Forward 
   Forward                                           Time % Phy DF OF 
 1 Darroll Powe                                      60     1   2  2  
 2 Rod Pelley                                        40     1   2  2  

Penalty Kill - 3 Players Defense
   Defense                  Defense                  Time % Phy DF OF 
 1 Colin Miller             Chris Wideman            60     1   2  2  
 2 Braden Lamb              Scooter Vaughan          40     1   2  2  

4 vs 4 Forward 
   Center                   Wing                     Time % Phy DF OF 
 1 Darroll Powe             Rod Pelley               60     1   2  2  
 2 Brendan Shinnimin        Pascal Pelletier         40     1   2  2  

4 vs 4 Defense
   Defense                  Defense                  Time % Phy DF OF 
 1 Colin Miller             Chris Wideman            60     1   2  2  
 2 Braden Lamb              Scooter Vaughan          40     1   2  2  

Last Minutes Offensive
   Center                   Left Wing                Right Wing               Defense                  Defense                  
   Darroll Powe             Rod Pelley               Zach O'Brien             Colin Miller             Chris Wideman            

Last Minutes Defensive
   Center                   Left Wing                Right Wing               Defense                  Defense                  
   Darroll Powe             Rod Pelley               Zach O'Brien             Colin Miller             Chris Wideman            

Goaltenders
Starting : Devan Dubnyk             
Backup : Robert Mayer             

Extra Forwards
Normal : Jordan Martinook, Darren Archibald, Jared Staal - PP : Jordan Martinook, Darren Archibald - PK : Jared Staal
Extra Defensemen
Normal : Gabriel Beaupre, Drew MacKenzie, Braden Lamb - PP : Gabriel Beaupre - PK : Drew MacKenzie, Braden Lamb
Penalty Shots
Darroll Powe, Rod Pelley, Brendan Shinnimin, Pascal Pelletier, Zach O'Brien

Aeros

5 vs 5 Forward 
   Center                   Left Wing                Right Wing               Time % Phy DF OF 
 1 Dana Tyrell              Craig Cunningham         Andrew Gordon            35     1   2  2  
 2 Warren Peters            Colin Stuart             Cam Janssen              30     1   2  2  
 3 Danny Hobbs              Anthony Camara           Matthew Pistilli         22     1   2  2  
 4 Mike Ullrich             Scott Campbell           Dana Tyrell              13     1   2  2  

5 vs 5 Defense 
   Defense                  Defense                                           Time % Phy DF OF 
 1 Shane O'Brien            Chris Summers                                     35     1   2  2  
 2 Jon Landry               Patrick Wey                                       30     1   2  2  
 3 Ilari Melart             Joel Chouinard                                    22     1   2  2  
 4 Chris Summers            Mike Matczak                                      13     1   2  2  

PowerPlay Forward 
   Center                   Left Wing                Right Wing               Time % Phy DF OF 
 1 Warren Peters            Colin Stuart             Andrew Gordon            60     1   2  2  
 2 Danny Hobbs              Craig Cunningham         Cam Janssen              40     1   2  2  

PowerPlay Defense
   Defense                  Defense                                           Time % Phy DF OF 
 1 Shane O'Brien            Jon Landry                                        60     1   2  2  
 2 Joel Chouinard           Patrick Wey                                       40     1   2  2  

Penalty Kill 4 Players Forward 
   Center                   Wing                     Time % Phy DF OF 
 1 Andrew Gordon            Dana Tyrell              60     1   2  2  
 2 Craig Cunningham         Colin Stuart             40     1   2  2  

Penalty Kill 4 Players Defense
   Defense                  Defense                  Time % Phy DF OF 
 1 Shane O'Brien            Jon Landry               60     1   2  2  
 2 Joel Chouinard           Patrick Wey              40     1   2  2  

Penalty Kill - 3 Players Forward 
   Forward                                           Time % Phy DF OF 
 1 Andrew Gordon                                     60     1   2  2  
 2 Dana Tyrell                                       40     1   2  2  

Penalty Kill - 3 Players Defense
   Defense                  Defense                  Time % Phy DF OF 
 1 Shane O'Brien            Jon Landry               60     1   2  2  
 2 Joel Chouinard           Patrick Wey              40     1   2  2  

4 vs 4 Forward 
   Center                   Wing                     Time % Phy DF OF 
 1 Andrew Gordon            Dana Tyrell              60     1   2  2  
 2 Craig Cunningham         Colin Stuart             40     1   2  2  

4 vs 4 Defense
   Defense                  Defense                  Time % Phy DF OF 
 1 Shane O'Brien            Jon Landry               60     1   2  2  
 2 Joel Chouinard           Patrick Wey              40     1   2  2  

Last Minutes Offensive
   Center                   Left Wing                Right Wing               Defense                  Defense                  
   Warren Peters            Dana Tyrell              Andrew Gordon            Shane O'Brien            Jon Landry               

Last Minutes Defensive
   Center                   Left Wing                Right Wing               Defense                  Defense                  
   Warren Peters            Dana Tyrell              Andrew Gordon            Shane O'Brien            Jon Landry               

Goaltenders
Starting : Harri Sateri             
Backup : David Leggio             

Extra Forwards
Normal : Matthew Pistilli, Scott Campbell, Dana Tyrell - PP : Matthew Pistilli, Scott Campbell - PK : Cam Janssen
Extra Defensemen
Normal : Ilari Melart, Jon Landry, Shane O'Brien - PP : Ilari Melart - PK : Ilari Melart, Shane O'Brien
Penalty Shots
Andrew Gordon, Chris Summers, Craig Cunningham, Colin Stuart, Warren Peters

% Time on Ice - Devils

Lines # - Real PCT - Wanted PCT - Time Play
Normal Forward
1 - 17% - 35% - 8:51
2 - 31% - 30% - 16:24
3 - 27% - 22% - 14:16
4 - 24% - 13% - 12:33
Normal Defense
1 - 29% - 35% - 15:18
2 - 31% - 30% - 16:23
3 - 34% - 22% - 17:53
4 - 5% - 13% - 2:30
PP Forward
1 - 38% - 60% - 0:45
2 - 62% - 40% - 1:14
PP Defense
1 - 67% - 60% - 1:20
2 - 33% - 40% - 0:39
PK Forward
1 - 76% - 60% - 4:30
2 - 24% - 40% - 1:27
PK Defense
1 - 53% - 60% - 3:08
2 - 47% - 40% - 2:49
PK3 Forward
1 - 0% - 60%
2 - 0% - 40%
PK3 Defense
1 - 0% - 60%
2 - 0% - 40%
44 Forward
1 - 100% - 60% - 5:00
2 - 0% - 40% - 0:00
44 Defense
1 - 60% - 60% - 3:00
2 - 40% - 40% - 2:00
Last Minute Offensive  - 0:00
Last Minute Defensive  - 0:00
Total
Forward - 65:00
Defense - 65:00

% Time on Ice - Aeros

Lines # - Real PCT - Wanted PCT - Time Play
Normal Forward
1 - 27% - 35% - 13:48
2 - 27% - 30% - 14:09
3 - 28% - 22% - 14:21
4 - 19% - 13% - 9:46
Normal Defense
1 - 28% - 35% - 14:20
2 - 33% - 30% - 16:57
3 - 27% - 22% - 14:02
4 - 13% - 13% - 6:45
PP Forward
1 - 58% - 60% - 3:26
2 - 42% - 40% - 2:31
PP Defense
1 - 63% - 60% - 3:45
2 - 37% - 40% - 2:12
PK Forward
1 - 100% - 60% - 1:59
2 - 0% - 40% - 0:00
PK Defense
1 - 32% - 60% - 0:38
2 - 68% - 40% - 1:21
PK3 Forward
1 - 0% - 60%
2 - 0% - 40%
PK3 Defense
1 - 0% - 60%
2 - 0% - 40%
44 Forward
1 - 100% - 60% - 5:00
2 - 0% - 40% - 0:00
44 Defense
1 - 52% - 60% - 2:37
2 - 48% - 40% - 2:23
Last Minute Offensive  - 0:00
Last Minute Defensive  - 0:00
Total
Forward - 65:00
Defense - 65:00

Play by Play

1st period


0:01 of 1st period - Darroll Powe wins face-off versus Dana Tyrell in neutral zone.
0:04 of 1st period - Snap shot by Zach O'Brien.
0:04 of 1st period - Stopped by Harri Sateri with a rebound.
0:14 of 1st period - Wrist shot by Darroll Powe.
0:14 of 1st period - Shot Misses the Net.
0:38 of 1st period - Snap shot by Andrew Gordon.
0:38 of 1st period - Stopped by Devan Dubnyk with a rebound.
1:05 of 1st period - Braden Lamb is hit by Warren Peters and loses puck.
2:22 of 1st period - Slapshot by Darroll Powe.
2:22 of 1st period - Stopped by Harri Sateri with a rebound.
3:09 of 1st period - Snap shot by Colin Stuart.
3:09 of 1st period - Shot Blocked by Rod Pelley.
3:33 of 1st period - Snap shot by Andrew Gordon.
3:33 of 1st period - Stopped by Devan Dubnyk with a rebound.
3:35 of 1st period - Snap shot by Patrick Wey.
3:35 of 1st period - Deflect By Dana Tyrell.
3:35 of 1st period - Shot Blocked by Chris Wideman.
3:35 of 1st period - Puck is out of play.
3:36 of 1st period - Dana Tyrell wins face-off versus Jordan Martinook in Devils zone.
3:41 of 1st period - Wrist shot by Craig Cunningham.
3:41 of 1st period - Deflect By Andrew Gordon.
3:41 of 1st period - Stopped by Devan Dubnyk without a rebound.
3:42 of 1st period - Danny Hobbs wins face-off versus Jordan Martinook in Devils zone.
3:53 of 1st period - Wrist shot by Matthew Pistilli.
3:53 of 1st period - Shot Misses the Net.
4:21 of 1st period - Snap shot by Zach Budish.
4:21 of 1st period - Stopped by Harri Sateri with a rebound.
4:41 of 1st period - Minor Penalty to Chris Wideman for Tripping.
4:42 of 1st period - Darroll Powe wins face-off versus Warren Peters in Devils zone.
5:07 of 1st period - Darroll Powe is hit by Shane O'Brien and loses puck.
5:18 of 1st period - Snap shot by Andrew Gordon.
5:18 of 1st period - Shot Blocked by Darroll Powe.
5:31 of 1st period - Rod Pelley is hit by Cam Janssen and loses puck.
6:33 of 1st period - Icing by Cam Janssen.
6:34 of 1st period - Jared Staal wins face-off versus Danny Hobbs in Aeros zone.
6:41 of 1st period - Penalty to Chris Wideman is over, Chris Wideman is back on ice.
7:00 of 1st period - Slapshot by Chris Wideman.
7:00 of 1st period - Deflect By Dana Tyrell.
7:00 of 1st period - Stopped by Harri Sateri with a rebound.
7:09 of 1st period - Colin Miller is hit by Joel Chouinard and loses puck.
7:44 of 1st period - Joel Chouinard is hit by Zach Budish.
7:50 of 1st period - Zach Budish is hit by Anthony Camara and loses puck.
8:09 of 1st period - Slapshot by Shane O'Brien.
8:09 of 1st period - Shot Blocked by Gabriel Beaupre.
9:04 of 1st period - Snap shot by Jordan Martinook.
9:04 of 1st period - Stopped by Harri Sateri without a rebound.
9:05 of 1st period - Dana Tyrell wins face-off versus Darroll Powe in Aeros zone.
9:17 of 1st period - Wrist shot by Andrew Gordon.
9:17 of 1st period - Shot Misses the Net.
9:19 of 1st period - Slapshot by Dana Tyrell.
9:19 of 1st period - Stopped by Devan Dubnyk with a rebound.
9:25 of 1st period - Wrist shot by Andrew Gordon.
9:25 of 1st period - Shot Blocked by Scooter Vaughan.
9:48 of 1st period - Icing by Scooter Vaughan.
9:49 of 1st period - Darroll Powe wins face-off versus Danny Hobbs in Devils zone.
10:28 of 1st period - Wrist shot by Chris Summers.
10:28 of 1st period - Stopped by Devan Dubnyk with a rebound.
10:30 of 1st period - Slapshot by Chris Summers.
10:30 of 1st period - Stopped by Devan Dubnyk with a rebound.
10:32 of 1st period - Snap shot by Dana Tyrell.
10:32 of 1st period - Stopped by Devan Dubnyk with a rebound.
10:34 of 1st period - Slapshot by Chris Summers.
10:34 of 1st period - Stopped by Devan Dubnyk with a rebound.
10:36 of 1st period - Slapshot by Chris Summers.
10:36 of 1st period - Goal by Chris Summers - Devils : 0 - Aeros : 1.
10:37 of 1st period - Dana Tyrell wins face-off versus Brendan Shinnimin in neutral zone.
10:46 of 1st period - Craig Cunningham is hit by Pascal Pelletier and loses puck.
11:05 of 1st period - Snap shot by Brendan Shinnimin.
11:05 of 1st period - Stopped by Harri Sateri with a rebound.
11:53 of 1st period - Slapshot by Darroll Powe.
11:53 of 1st period - Stopped by Harri Sateri with a rebound.
12:17 of 1st period - Colin Stuart is hit by Pascal Pelletier and loses puck.
12:36 of 1st period - Anthony Camara is hit by Darroll Powe and loses puck.
12:41 of 1st period - Wrist shot by Rod Pelley.
12:41 of 1st period - Shot Misses the Net.
15:45 of 1st period - Wrist shot by Andrew Gordon.
15:45 of 1st period - Shot Misses the Net.
15:55 of 1st period - Slapshot by Dana Tyrell.
15:55 of 1st period - Shot Misses the Net.
16:54 of 1st period - Icing by Pascal Pelletier.
16:55 of 1st period - Danny Hobbs wins face-off versus Brendan Shinnimin in Devils zone.
18:42 of 1st period - Craig Cunningham is hit by Rod Pelley and loses puck.
19:19 of 1st period - Slapshot by Shane O'Brien.
19:19 of 1st period - Stopped by Devan Dubnyk with a rebound.
19:21 of 1st period - Slapshot by Shane O'Brien.
19:21 of 1st period - Stopped by Devan Dubnyk without a rebound.
19:22 of 1st period - Rod Pelley wins face-off versus Matthew Pistilli in Devils zone.
19:41 of 1st period - Slapshot by Jordan Martinook.
19:41 of 1st period - Shot Blocked by Colin Stuart.
19:43 of 1st period - Slapshot by Chris Wideman.
19:43 of 1st period - Shot Blocked by Chris Summers.
19:45 of 1st period - Slapshot by Scooter Vaughan.
19:45 of 1st period - Shot Blocked by Chris Summers.
19:51 of 1st period - Snap shot by Jared Staal.
19:51 of 1st period - Stopped by Harri Sateri with a rebound.
Goals for this period are 0 for Devils vs 1 for Aeros.
Shots for this period are 8 for Devils vs 11 for Aeros.

2nd period


0:01 of 2nd period - Dana Tyrell wins face-off versus Darroll Powe in neutral zone.
0:37 of 2nd period - Snap shot by Chris Summers.
0:37 of 2nd period - Shot Blocked by Colin Miller.
0:53 of 2nd period - Chris Wideman is hit by Warren Peters and loses puck.
1:00 of 2nd period - Snap shot by Warren Peters.
1:00 of 2nd period - Shot Misses the Net.
1:02 of 2nd period - Slapshot by Ilari Melart.
1:02 of 2nd period - Stopped by Devan Dubnyk with a rebound.
1:04 of 2nd period - Snap shot by Colin Stuart.
1:04 of 2nd period - Shot Blocked by Chris Wideman.
1:08 of 2nd period - Snap shot by Warren Peters.
1:08 of 2nd period - Shot Blocked by Colin Miller.
1:10 of 2nd period - Slapshot by Colin Stuart.
1:10 of 2nd period - Stopped by Devan Dubnyk with a rebound.
2:47 of 2nd period - Dana Tyrell is hit by Braden Lamb and loses puck.
3:15 of 2nd period - Slapshot by Darroll Powe.
3:15 of 2nd period - Stopped by Harri Sateri with a rebound.
3:59 of 2nd period - Backhand shot by Matthew Pistilli.
3:59 of 2nd period - Stopped by Devan Dubnyk without a rebound.
4:00 of 2nd period - Zach Budish wins face-off versus Dana Tyrell in Devils zone.
4:41 of 2nd period - Jon Landry is hit by Zach O'Brien and loses puck.
5:16 of 2nd period - Jordan Martinook is hit by Danny Hobbs and loses puck.
6:08 of 2nd period - Minor Penalty to Mike Ullrich for Holding.
6:09 of 2nd period - Andrew Gordon wins face-off versus Brendan Shinnimin in Aeros zone.
6:18 of 2nd period - Slapshot by Colin Miller.
6:18 of 2nd period - Stopped by Harri Sateri with a rebound.
6:20 of 2nd period - Slapshot by Colin Miller.
6:20 of 2nd period - Stopped by Harri Sateri with a rebound.
6:34 of 2nd period - Andrew Gordon is hit by Zach Budish and loses puck.
6:46 of 2nd period - Icing by Zach O'Brien.
6:47 of 2nd period - Andrew Gordon wins face-off versus Darroll Powe in Devils zone.
7:14 of 2nd period - Andrew Gordon is hit by Pascal Pelletier and loses puck.
8:08 of 2nd period - Penalty to Mike Ullrich is over, Mike Ullrich is back on ice.
8:18 of 2nd period - Dana Tyrell is hit by Darroll Powe and loses puck.
8:26 of 2nd period - Slapshot by Braden Lamb.
8:26 of 2nd period - Shot Misses the Net.
8:28 of 2nd period - Snap shot by Jared Staal.
8:28 of 2nd period - Stopped by Harri Sateri with a rebound.
8:30 of 2nd period - Backhand shot by Braden Lamb.
8:30 of 2nd period - Stopped by Harri Sateri with a rebound.
9:00 of 2nd period - Snap shot by Cam Janssen.
9:00 of 2nd period - Shot Misses the Net.
9:02 of 2nd period - Slapshot by Shane O'Brien.
9:02 of 2nd period - Shot Blocked by Tom Kuhnhackl.
9:04 of 2nd period - Snap shot by Chris Summers.
9:04 of 2nd period - Stopped by Devan Dubnyk with a rebound.
9:06 of 2nd period - Slapshot by Colin Stuart.
9:06 of 2nd period - Shot Misses the Net.
9:23 of 2nd period - Minor Penalty to Scooter Vaughan for Hooking.
9:24 of 2nd period - Warren Peters wins face-off versus Darroll Powe in Devils zone.
9:35 of 2nd period - Backhand shot by Andrew Gordon.
9:35 of 2nd period - Stopped by Devan Dubnyk without a rebound.
9:36 of 2nd period - Darroll Powe wins face-off versus Warren Peters in Devils zone.
10:14 of 2nd period - Slapshot by Shane O'Brien.
10:14 of 2nd period - Shot Blocked by Jared Staal.
10:16 of 2nd period - Wrist shot by Shane O'Brien.
10:16 of 2nd period - Stopped by Devan Dubnyk with a rebound.
10:59 of 2nd period - Curtis Hamilton is hit by Cam Janssen and loses puck.
11:23 of 2nd period - Penalty to Scooter Vaughan is over, Scooter Vaughan is back on ice.
12:14 of 2nd period - Snap shot by Darren Archibald.
12:14 of 2nd period - Shot Blocked by Anthony Camara.
12:16 of 2nd period - Snap shot by Rod Pelley.
12:16 of 2nd period - Deflect By Darren Archibald.
12:16 of 2nd period - Shot Misses the Net.
12:16 of 2nd period - Puck is out of play.
12:17 of 2nd period - Rod Pelley wins face-off versus Danny Hobbs in Aeros zone.
12:18 of 2nd period - Snap shot by Darren Archibald.
12:18 of 2nd period - Stopped by Harri Sateri with a rebound.
12:20 of 2nd period - Slapshot by Braden Lamb.
12:20 of 2nd period - Shot Misses the Net.
12:22 of 2nd period - Wrist shot by Rod Pelley.
12:22 of 2nd period - Goal by Rod Pelley - Devils : 1 - Aeros : 1.
12:23 of 2nd period - Mike Ullrich wins face-off versus Darroll Powe in neutral zone.
13:22 of 2nd period - Wrist shot by Pascal Pelletier.
13:22 of 2nd period - Stopped by Harri Sateri without a rebound.
13:23 of 2nd period - Matthew Pistilli wins face-off versus Rod Pelley in Aeros zone.
14:22 of 2nd period - Minor Penalty to Gabriel Beaupre for Hooking.
14:23 of 2nd period - Warren Peters wins face-off versus Darroll Powe in Devils zone.
14:33 of 2nd period - Wrist shot by Colin Stuart.
14:33 of 2nd period - Deflect By Andrew Gordon.
14:33 of 2nd period - Stopped by Devan Dubnyk with a rebound.
14:45 of 2nd period - Braden Lamb is hit by Warren Peters and loses puck.
16:22 of 2nd period - Penalty to Gabriel Beaupre is over, Gabriel Beaupre is back on ice.
16:43 of 2nd period - Wrist shot by Zach Budish.
16:43 of 2nd period - Stopped by Harri Sateri without a rebound.
16:44 of 2nd period - Dana Tyrell wins face-off versus Brendan Shinnimin in Aeros zone.
16:56 of 2nd period - Slapshot by Chris Summers.
16:56 of 2nd period - Stopped by Devan Dubnyk with a rebound.
18:05 of 2nd period - Wrist shot by Rod Pelley.
18:05 of 2nd period - Stopped by Harri Sateri without a rebound.
18:06 of 2nd period - Rod Pelley wins face-off versus Dana Tyrell in Aeros zone.
18:41 of 2nd period - Off-side.
18:42 of 2nd period - Warren Peters wins face-off versus Darroll Powe in neutral zone.
19:01 of 2nd period - Snap shot by Colin Stuart.
19:01 of 2nd period - Stopped by Devan Dubnyk with a rebound.
19:07 of 2nd period - Snap shot by Colin Stuart.
19:07 of 2nd period - Shot Blocked by Darroll Powe.
Goals for this period are 1 for Devils vs 0 for Aeros.
Shots for this period are 10 for Devils vs 9 for Aeros.

3rd period


0:01 of 3rd period - Rod Pelley wins face-off versus Dana Tyrell in neutral zone.
0:14 of 3rd period - Snap shot by Dana Tyrell.
0:14 of 3rd period - Stopped by Devan Dubnyk with a rebound.
0:16 of 3rd period - Snap shot by Craig Cunningham.
0:16 of 3rd period - Shot Misses the Net.
0:18 of 3rd period - Wrist shot by Andrew Gordon.
0:18 of 3rd period - Stopped by Devan Dubnyk with a rebound.
0:20 of 3rd period - Snap shot by Andrew Gordon.
0:20 of 3rd period - Shot Misses the Net.
0:26 of 3rd period - Slapshot by Chris Summers.
0:26 of 3rd period - Shot Blocked by Colin Miller.
0:28 of 3rd period - Backhand shot by Chris Summers.
0:28 of 3rd period - Shot Misses the Net.
0:36 of 3rd period - Snap shot by Andrew Gordon.
0:36 of 3rd period - Stopped by Devan Dubnyk without a rebound.
0:37 of 3rd period - Brendan Shinnimin wins face-off versus Warren Peters in Devils zone.
1:08 of 3rd period - Wrist shot by Brendan Shinnimin.
1:08 of 3rd period - Shot Misses the Net.
1:52 of 3rd period - Snap shot by Matthew Pistilli.
1:52 of 3rd period - Shot Misses the Net.
2:27 of 3rd period - Backhand shot by Rod Pelley.
2:27 of 3rd period - Deflect By Darren Archibald.
2:27 of 3rd period - Stopped by Harri Sateri with a rebound.
2:29 of 3rd period - Wrist shot by Rod Pelley.
2:29 of 3rd period - Shot Blocked by Patrick Wey.
2:31 of 3rd period - Snap shot by Colin Miller.
2:31 of 3rd period - Stopped by Harri Sateri with a rebound.
2:33 of 3rd period - Wrist shot by Rod Pelley.
2:33 of 3rd period - Shot Misses the Net.
5:25 of 3rd period - Snap shot by Matthew Pistilli.
5:25 of 3rd period - Stopped by Devan Dubnyk with a rebound.
5:27 of 3rd period - Slapshot by Joel Chouinard.
5:27 of 3rd period - Shot Misses the Net.
5:51 of 3rd period - Icing by Joel Chouinard.
5:52 of 3rd period - Rod Pelley wins face-off versus Danny Hobbs in Aeros zone.
7:31 of 3rd period - Snap shot by Darren Archibald.
7:31 of 3rd period - Shot Blocked by Joel Chouinard.
7:59 of 3rd period - Slapshot by Chris Summers.
7:59 of 3rd period - Shot Misses the Net.
8:01 of 3rd period - Wrist shot by Chris Summers.
8:01 of 3rd period - Stopped by Devan Dubnyk without a rebound.
8:02 of 3rd period - Darroll Powe wins face-off versus Mike Ullrich in Devils zone.
8:38 of 3rd period - Wrist shot by Rod Pelley.
8:38 of 3rd period - Stopped by Harri Sateri with a rebound.
8:40 of 3rd period - Snap shot by Rod Pelley.
8:40 of 3rd period - Stopped by Harri Sateri without a rebound.
8:41 of 3rd period - Rod Pelley wins face-off versus Dana Tyrell in Aeros zone.
8:48 of 3rd period - Snap shot by Andrew Gordon.
8:48 of 3rd period - Deflect By Craig Cunningham.
8:48 of 3rd period - Shot Misses the Net.
8:48 of 3rd period - Puck is out of play.
8:49 of 3rd period - Darroll Powe wins face-off versus Dana Tyrell in Devils zone.
10:46 of 3rd period - Slapshot by Chris Summers.
10:46 of 3rd period - Stopped by Devan Dubnyk with a rebound.
11:10 of 3rd period - Jared Staal is hit by Anthony Camara.
11:16 of 3rd period - Wrist shot by Darren Archibald.
11:16 of 3rd period - Shot Misses the Net.
11:18 of 3rd period - Snap shot by Jared Staal.
11:18 of 3rd period - Stopped by Harri Sateri without a rebound.
11:19 of 3rd period - Mike Ullrich wins face-off versus Darren Archibald in Aeros zone.
11:26 of 3rd period - Wrist shot by Darren Archibald.
11:26 of 3rd period - Shot Blocked by Jon Landry.
11:28 of 3rd period - Snap shot by Jordan Martinook.
11:28 of 3rd period - Shot Misses the Net.
11:42 of 3rd period - Wrist shot by Andrew Gordon.
11:42 of 3rd period - Shot Misses the Net.
12:13 of 3rd period - Scooter Vaughan is hit by Cam Janssen and loses puck.
12:40 of 3rd period - Darroll Powe is hit by Anthony Camara.
12:52 of 3rd period - Joel Chouinard is hit by Jordan Martinook and loses puck.
13:15 of 3rd period - Slapshot by Shane O'Brien.
13:15 of 3rd period - Shot Blocked by Scooter Vaughan.
13:31 of 3rd period - Zach O'Brien is hit by Shane O'Brien and loses puck.
13:54 of 3rd period - Wrist shot by Zach Budish.
13:54 of 3rd period - Shot Misses the Net.
13:56 of 3rd period - Wrist shot by Pascal Pelletier.
13:56 of 3rd period - Stopped by Harri Sateri with a rebound.
14:00 of 3rd period - Wrist shot by Brendan Shinnimin.
14:00 of 3rd period - Stopped by Harri Sateri with a rebound.
14:02 of 3rd period - Backhand shot by Drew MacKenzie.
14:02 of 3rd period - Shot Misses the Net.
15:01 of 3rd period - Snap shot by Darren Archibald.
15:01 of 3rd period - Shot Misses the Net.
15:33 of 3rd period - Joel Chouinard is hit by Brendan Shinnimin and loses puck.
15:58 of 3rd period - Matthew Pistilli is hit by Jordan Martinook and loses puck.
16:27 of 3rd period - Scooter Vaughan is hit by Cam Janssen and loses puck.
16:40 of 3rd period - Andrew Gordon is hit by Brendan Shinnimin and loses puck.
16:47 of 3rd period - Slapshot by Chris Summers.
16:47 of 3rd period - Stopped by Devan Dubnyk with a rebound.
16:49 of 3rd period - Wrist shot by Andrew Gordon.
16:49 of 3rd period - Stopped by Devan Dubnyk without a rebound.
16:50 of 3rd period - Scott Campbell wins face-off versus Darroll Powe in Devils zone.
18:15 of 3rd period - Snap shot by Matthew Pistilli.
18:15 of 3rd period - Shot Misses the Net.
18:21 of 3rd period - Ilari Melart is hit by Zach Budish and loses puck.
18:57 of 3rd period - Drew MacKenzie is hit by Cam Janssen and loses puck.
Goals for this period are 0 for Devils vs 0 for Aeros.
Shots for this period are 7 for Devils vs 8 for Aeros.

Overtime #1


0:01 of 1st overtime period - Darroll Powe wins face-off versus Andrew Gordon in neutral zone.
2:17 of 1st overtime period - Wrist shot by Jordan Martinook.
2:17 of 1st overtime period - Stopped by Harri Sateri with a rebound.
2:34 of 1st overtime period - Braden Lamb is hit by Scott Campbell and loses puck.
2:53 of 1st overtime period - Snap shot by Chris Wideman.
2:53 of 1st overtime period - Shot Misses the Net.
3:13 of 1st overtime period - Backhand shot by Scott Campbell.
3:13 of 1st overtime period - Stopped by Devan Dubnyk with a rebound.
3:15 of 1st overtime period - Snap shot by Scott Campbell.
3:15 of 1st overtime period - Stopped by Devan Dubnyk with a rebound.
3:43 of 1st overtime period - Snap shot by Craig Cunningham.
3:43 of 1st overtime period - Stopped by Devan Dubnyk with a rebound.
3:45 of 1st overtime period - Slapshot by Patrick Wey.
3:45 of 1st overtime period - Stopped by Devan Dubnyk with a rebound.
4:57 of 1st overtime period - Slapshot by Jordan Martinook.
4:57 of 1st overtime period - Shot Misses the Net.
4:59 of 1st overtime period - Slapshot by Scooter Vaughan.
4:59 of 1st overtime period - Shot Misses the Net.
Goals for this period are 0 for Devils vs 0 for Aeros.
Shots for this period are 1 for Devils vs 4 for Aeros.

ShootOut


5:00 of 1st overtime period - Penalty Shot by Darroll Powe for Devils.
5:00 of 1st overtime period - Wrist shot by Darroll Powe.
5:00 of 1st overtime period - Stopped by Harri Sateri.
5:00 of 1st overtime period - Penalty Shot by Andrew Gordon for Aeros.
5:00 of 1st overtime period - Backhand shot by Andrew Gordon.
5:00 of 1st overtime period - Goal by Andrew Gordon.
5:00 of 1st overtime period - Penalty Shot by Rod Pelley for Devils.
5:00 of 1st overtime period - Snap shot by Rod Pelley.
5:00 of 1st overtime period - Shot Misses the Net.
5:00 of 1st overtime period - Penalty Shot by Chris Summers for Aeros.
5:00 of 1st overtime period - Deke by Chris Summers.
5:00 of 1st overtime period - Shot Misses the Net.
5:00 of 1st overtime period - Penalty Shot by Brendan Shinnimin for Devils.
5:00 of 1st overtime period - Snap shot by Brendan Shinnimin.
5:00 of 1st overtime period - Stopped by Harri Sateri.


Output by the SimonT Hockey Simulator (STHS) for Eric Dolegowski -- Original Page W3C XHTML 1.0 Valid
Hockey Simulator - Hockey Simulation - Hockey Manager